 Dungeon Crawl Stone Soup version 0.16-a0-3493-gd9d85f0 (webtiles) character file.

666 Kemay the Insei (level 7, -2/52 HPs)
             Began as a Grey Draconian Transmuter on Jan 4, 2015.
             Slain by an ogre
             ... wielding a +0 giant club
              (23 damage)
             ... on level 4 of the Dungeon.
             The game lasted 00:16:31 (4426 turns).

Kemay the Insei (Grey Draconian Transmuter)         Turns: 4426, Time: 00:16:32

Health: -2/52      AC:  2    Str: 12    XL:     7   Next: 31%
Magic:  11/12      EV: 19    Int: 15    God:
Gold:   183        SH:  0    Dex: 17    Spells: 2 memorised, 6 levels left

rFire  . . .     SeeInvis .       - Unarmed
rCold  . . .     Clarity  .     (armour unavailable)
rNeg   . . .     SustAb   .     (shield currently unavailable)
rPois  x         Gourm    .     (helmet currently unavailable)
rElec  .         Spirit   .     (cloak currently unavailable)
rCorr  .         Warding  .     (gloves currently unavailable)
rMut   .         Stasis   .     (boots currently unavailable)
MR     .....                    (no amulet)
Stlth  ++........               (no ring)
                                n - ring of wizardry

@: spider-form (expiring), not resistant to hostile enchantments, unstealthy
A: walk through water, unfitting armour, (unbreathing), (cold-blooded), AC +11
a: End Transformation


You were on level 4 of the Dungeon.
You were hungry.
You were a venomous arachnid creature.
You visited 1 branch of the dungeon, and saw 4 of its levels.

You collected 183 gold pieces.

Inventory:

Hand weapons
 b - a +1 blowgun
 o - a +0 battleaxe
Missiles
 i - 5 tomahawks (quivered)
 j - 23 poisoned needles
Rods
 g - a +0 rod of shadows (12/12)
   (You found it on level 2 of the Dungeon)
Jewellery
 n - a ring of wizardry (left front leg)
Magical devices
 r - a wand of magic darts (22)
Scrolls
 c - a scroll of teleportation
 f - a scroll of amnesia
 t - a scroll of enchant armour
Potions
 e - 3 potions of lignification
 h - a potion of restore abilities
 k - a potion of cancellation
 l - 3 potions of curing
 m - a potion of poison {unknown}
 p - a potion of might {unknown}
 u - a potion of invisibility {unknown}
Books
 d - a book of Changes

   Spells                             Type                      Level
   a - Beastly Appendage              Transmutation                1
   b - Sticks to Snakes               Transmutation                2
   c - Spider Form                    Transmutation/Poison         3
   d - Ice Form                       Ice/Transmutation            4
   e - Blade Hands                    Transmutation                5
Comestibles
 a - a bread ration
 q - a meat ration
 s - 12 chunks of flesh


   Skills:
 - Level 1.1 Fighting
 - Level 1.7 Dodging
 + Level 7.0 Unarmed Combat
 - Level 2.0 Spellcasting
 - Level 4.4 Transmutations
 - Level 2.4 Poison Magic


You had 6 spell levels left.
You knew the following spells:

 Your Spells              Type           Power        Failure   Level  Hunger
a - Beastly Appendage     Trmt           ##....       6%          1    #......
b - Spider Form           Trmt/Pois      ##........   17%         3    ###....


Dungeon Overview and Level Annotations

Branches:
Dungeon (4/15)
 Temple: D:4-7

Altars:
Ashenzari
Cheibriados
Elyvilon
Fedhas
Makhleb
Vehumet
The Shining One


Innate Abilities, Weirdness & Mutations

You can walk through water.
((Your dull iron-grey scales are very hard (AC +11).))
Your body does not fit into most forms of armour.
((You can survive without breathing.))
((Your cold-blooded metabolism reacts poorly to cold.))


Message History

You turn into a venomous arachnid creature.
You are feeling hungry.
You hit the ogre.
The ogre is lightly wounded.
The ogre hits you with a giant spiked club!
You hit the ogre.
The ogre is poisoned.
The ogre is lightly wounded.
The ogre hits you with a giant club!
Some of the chunks of flesh in your inventory have rotted away.
You hit the ogre.
The ogre looks even sicker.
The ogre is moderately wounded.
The ogre misses you. The ogre hits you with a giant club!
Your transformation is almost over.
You bite the ogre!
You kill the ogre!
Your Unarmed Combat skill increases to level 7!
You hit the ogre.
The ogre is lightly wounded.
The ogre hits you with a giant club!!
You die...

* # * # * # * ##### * #######....
# ################.......... #
#.........................
########.........................
...............Os................
........................รท........
........#######.)................
........# #..........####....
........# #..........#**#..[.
........# #..........#,,.....
######### ############,,.....
*,,,.... *,,,.,.,


You could see an ogre.

Vanquished Creatures
  An ogre (D:4)
  A giant frog (D:3)
  A giant frog zombie (D:3)
  2 orc priests (D:4)
  A hound (D:4)
  3 orc wizards (D:4)
  3 iguanas (D:4)
  A worker ant (D:4)
  5 adders
  4 gnolls (D:2)
  3 worms
  3 giant geckos
  2 oozes
  9 orcs
  2 ball pythons (D:2)
  13 bats
  3 giant cockroaches
  13 goblins
  10 hobgoblins
  17 jackals
  8 kobolds
  2 giant newts (D:3)
  11 rats
118 creatures vanquished.

Notes
Turn   | Place    | Note
--------------------------------------------------------------
     0 | D:1      | Kemay, the Draconian Transmuter, began the quest for the Orb.
     0 | D:1      | Reached XP level 1. HP: 16/16 MP: 3/3
   160 | D:1      | Reached XP level 2. HP: 12/23 MP: 4/4
   838 | D:1      | Reached XP level 3. HP: 25/28 MP: 6/6
   854 | D:1      | Learned a level 3 spell: Spider Form
  1302 | D:2      | Identified a +0 rod of shadows (12/12) (You found it on level 2 of the Dungeon)
  1404 | D:2      | Reached skill level 1 in Poison Magic
  1604 | D:2      | Reached XP level 4. HP: 35/35 MP: 7/7
  1625 | D:2      | Reached skill level 4 in Transmutations
  2211 | D:3      | Found a radiant altar of Vehumet.
  2220 | D:3      | Found a shattered altar of Ashenzari.
  2221 | D:3      | Found a white marble altar of Elyvilon.
  2221 | D:3      | Found a snail-covered altar of Cheibriados.
  2222 | D:3      | Found a glowing golden altar of the Shining One.
  2222 | D:3      | Found a burning altar of Makhleb.
  2578 | D:3      | Reached XP level 5. HP: 36/40 MP: 9/9
  2589 | D:3      | Found a blossoming altar of Fedhas.
  3337 | D:3      | Reached XP level 6. HP: 22/47 MP: 6/10
  3648 | D:4      | Reached skill level 5 in Unarmed Combat
  4211 | D:4      | Reached skill level 6 in Unarmed Combat
  4218 | D:4      | Your scales start taking on a dull iron-grey colour.
  4218 | D:4      | Gained mutation: You can survive without breathing. [draconian maturity]
  4218 | D:4      | Reached XP level 7. HP: 36/52 MP: 9/12
  4425 | D:4      | Reached skill level 7 in Unarmed Combat
  4426 | D:4      | Slain by an ogre

Action                   |  1- 3 |  4- 6 |  7- 9 || total
-------------------------+-------+-------+-------++-------
Melee: Unarmed           |   126 |   249 |    19 ||   394
       Short sword       |     8 |       |       ||     8
 Fire: Blowgun           |       |     4 |       ||     4
Throw: Tomahawk          |     2 |       |       ||     2
 Cast: Beastly Appendage |     5 |     8 |       ||    13
       Spider Form       |     2 |    14 |     4 ||    20
 Abil: End Transformatio |     1 |     5 |       ||     6
Evoke: Rod               |     1 |       |       ||     1
  Use: Scroll            |     6 |     7 |     1 ||    14
  Eat: Chunk             |     3 |    10 |     1 ||    14
